 Dungeon Crawl Stone Soup version 0.20-a0-1006-ge6c5631 (webtiles) character file.

144569 Lifeless the Severer (level 16, -11/103 HPs)
             Began as a Demonspawn Abyssal Knight on Apr 12, 2017.
             Was the Champion of Lugonu.
             Blown up by an orb spider (41 damage)
             ... with an orb of destruction
             ... on level 1 of the Spider Nest on Apr 13, 2017.
             The game lasted 03:04:57 (46496 turns).

Lifeless the Severer (Demonspawn Abyssal Knight)   Turns: 46496, Time: 03:04:58

Health: -11/103    AC: 28    Str: 21    XL:     16   Next: 55%
Magic:  0/29       EV: 17    Int: 11    God:    Lugonu [******]
Gold:   1234       SH:  6    Dex: 15    Spells: 28/33 levels left

rFire    . . .     SeeInvis +   a - +8 mithril axe "Arga" {speed, MR+}
rCold    + . .     Gourm    .   (no shield)
rNeg     . . .     Faith    .   S - +2 ring mail {rPois}
rPois    +         Spirit   +   F - +1 hat {SInv}
rElec    +         Reflect  +   B - scarf {rC+}
rCorr    .         Harm     .   (gloves unavailable)
MR       ++++.                  Z - +1 pair of boots {Fly}
Stlth    ++........             R - +6 amulet of reflection
Regen    0.3/turn               P - ring of Igroen {MR++ AC+4 Slay+3}
MPRegen  0.3/turn               z - ring of Jaocrae {rElec rPois Str+4 Int-3 Stlth+}

@: sanguine armour, flying, drained
A: claws 3, demonic guardian 2, frail 2, magic shield, sanguine armour 3
}: 1/15 runes: barnacled
a: Depart the Abyss, Bend Space, Banish, Corrupt, Enter the Abyss, Brand Weapon
With Distortion, Renounce Religion, Stop Flying


You were on level 1 of the Spider Nest.
You worshipped Lugonu.
Lugonu was exalted by your worship.
You were not hungry.

You visited 6 branches of the dungeon, and saw 29 of its levels.
You visited the Abyss 1 time.

You collected 2484 gold pieces.
You spent 1250 gold pieces at shops.

Inventory:

Hand Weapons
 a - the +8 mithril axe "Arga" (weapon) {speed, MR+}
   (You found it on level 5 of the Lair of Beasts)

   Attacks with this weapon are significantly faster.
   It affects your resistance to hostile enchantments.
 b - a +0 battleaxe of freezing
 O - a +0 scimitar of flaming
Armour
 A - +0 ice dragon scales
 B - a scarf of cold resistance (worn)
 F - a +1 hat of see invisible (worn)
 S - a +2 ring mail of poison resistance (worn)
 Z - a +1 pair of boots of flying (worn)
Jewellery
 z - the ring of Jaocrae (right claw) {rElec rPois Str+4 Int-3 Stlth+}
   (You found it on level 4 of the Shoals)

   [ring of poison resistance]

   It affects your strength (+4).
   It affects your intelligence (-3).
   It insulates you from electricity.
   It protects you from poison.
   It makes you more stealthy.
 P - the ring of Igroen (left claw) {MR++ AC+4 Slay+3}
   (You bought it in a shop on level 4 of the Dungeon)

   [ring of protection]

   It affects your AC (+4).
   It affects your accuracy and damage with ranged weapons and melee attacks
   (+3).
   It affects your resistance to hostile enchantments.
 R - a +6 amulet of reflection (around neck)
 W - an uncursed ring of positive energy
 Y - the ring "Ocofyly" {*Contam rC++ EV+2 Int+3 Stlth-}
   (You found it on level 5 of the Lair of Beasts)

   [ring of evasion]

   It affects your evasion (+2).
   It affects your intelligence (+3).
   It greatly protects you from cold.
   It causes magical contamination when unequipped.
   It makes you less stealthy.
Wands
 j - a wand of flame (20/48)
 n - a wand of lightning (4/15)
 q - a wand of confusion (18/48)
 y - a wand of lightning (10/15)
 C - a wand of acid (0/15)
 E - a wand of enslavement (2/24)
 T - a wand of flame (42/48)
 U - a wand of polymorph (14/24)
 X - a wand of flame (34/48)
Scrolls
 g - 8 scrolls of immolation
 i - 15 scrolls of teleportation
 k - 4 scrolls of enchant armour
 l - 3 scrolls of blinking
 m - 10 scrolls of remove curse
 p - a scroll of recharging
 s - a scroll of fog
 w - 3 scrolls of identify
 D - a scroll of enchant weapon
 I - a scroll of torment
 L - a scroll of amnesia
 Q - 2 scrolls of silence
Potions
 e - 2 potions of haste
 h - 10 potions of curing
 o - 3 potions of brilliance
 t - a potion of resistance
 v - a potion of invisibility
 x - a potion of cancellation
 G - 3 potions of lignification
 H - 3 potions of ambrosia
 J - a potion of agility
 K - 3 potions of magic
 V - 2 potions of flight
Books
 N - a book of Necromancy

   Spells                             Type                      Level
   a - Pain                           Necromancy                   1
   b - Animate Skeleton               Necromancy                   1
   c - Vampiric Draining              Necromancy                   3
   d - Regeneration                   Charms/Necromancy            3
   e - Animate Dead                   Necromancy                   4
   f - Control Undead                 Necromancy                   4
Miscellaneous
 u - a fan of gales
Comestibles
 c - 12 bread rations
 f - 13 royal jellies
 r - 8 meat rations


   Skills:
 + Level 12.9(12.7) Fighting
 * Level 15.9(15.7) Axes
 + Level 10.0(9.8) Armour
 - Level 10.2(10.1) Dodging
 + Level 9.0(8.8) Spellcasting
 + Level 9.8(9.7) Necromancy
 - Level 10.0(9.8) Invocations


You had 28 spell levels left.
You knew the following spells:

 Your Spells              Type           Power        Failure   Level  Hunger
a - Animate Skeleton      Necr           N/A          1%          1    None
b - Animate Dead          Necr           N/A          4%          4    ####...


Dungeon Overview and Level Annotations

Branches:
Dungeon (15/15)            Temple (0/1) D:5            Lair (6/6) D:9
 Shoals (4/4) Lair:2       Spider (1/4) Lair:4        Slime (0/5) Lair:6
    Orc (2/2) D:9             Elf (1/3) Orc:2        Vaults (0/5) D:14
 Depths (0/5) D:15

Altars:
Cheibriados
Dithmenos
Elyvilon
Fedhas
Gozag
Kikubaaqudgha
Okawaru
Qazlal
Sif Muna
Trog
Wu Jian
Xom
Yredelemnul
Zin
The Shining One
Beogh
Jiyva

Shops:
D:4 =   D:8 !**   Orc:2 ([%(   Shoals:4 =

Annotations:
Lair:1 exclusion: 2 oklob plants
Lair:5 exclusion: 2 oklob plants


Innate Abilities, Weirdness & Mutations

You have claws for hands.
A demonic guardian rushes to your aid.
When hurt, damage is shared between your health and your magic reserves.
When seriously injured, your bleeding wounds create very thick armour. (AC +12)
You are very frail. (-20% HP)


Message History

Aim: an orb spider (fully charged)
The puff of flame hits the orb spider.
The orb spider is lightly wounded.
The orb spider hisses angrily.
Evoking this partially-identified wand wasted a few charges.
The orb spider weaves a glowing orb of energy. x2 2 orbs of destruction come into view.
The orb of destruction hits you!
Your blood congeals into armour.
The orb spider spins a strand of pure energy.
The orb spider spins a strand of pure energy.
The orb of destruction hits you!
* * * LOW HITPOINT WARNING * * *
The orb spider weaves a glowing orb of energy.
An orb of destruction comes into view.
The orb spider weaves a glowing orb of energy.
An orb of destruction comes into view.
The orb spider pulsates with a strange energy.
There is a crawl-hole back to the Lair, spattered with blood here.
The orb of destruction hits you!
You die...

## .#. #.. .#
#.## ^ ##..##
.# #...3###.#
#...!....#
#..@....####.
#..§...#....#
#..§.....#.#
#..*§....# #
#..§..§.s#.#
#...§...§..#
#...§§s....#
#.#..........#
####.........#


You could see 2 orb spiders and a friendly soul eater (wandering).

Vanquished Creatures
  Polyphemus (Shoals:2)
  A kraken (Shoals:1)
  Kirke (Lair:5)
  A fire giant (D:15)
  An orc warlord (D:9)
  2 merfolk javelineers
  5 merfolk impalers
  3 vault guards (D:14)
  2 hydras
  An ice dragon (Lair:6)
  4 catoblepae
  2 centaur warriors
  Erica (D:9)
  2 merfolk aquamancers
  A dancing weapon (Orc:2)
  3 death yaks
  5 two-headed ogres
  3 orc high priests (Orc:2)
  3 skeletal warriors
  7 sea snakes
  4 unseen horrors
  8 harpies
  7 orc knights
  4 orc sorcerers
  2 wolf spiders
  A deep elf mage (D:15)
  11 ugly things
  9 manticores
  5 cyclopes
  2 oklob plants (Lair:5)
  6 fauns
  2 elephants (Lair:6)
  4 merfolk sirens
  Joseph (D:7)
  4 water nymphs
  2 black mambas
  4 centaur skeletons
  9 spiny frogs
  A demonic crawler (Spider:1)
  4 rime drakes
  A freezing wraith (D:14)
  7 komodo dragons
  3 trolls
  A jumping spider (Lair:4)
  17 merfolk
  A polar bear (shapeshifter) (D:14)
  A polar bear (Lair:6)
  2 wind drakes (Shoals:4)
  2 hornets
  A troll (shapeshifter) (D:14)
  4 dream sheep
  3 slime creatures
  8 hippogriffs
  3 blink frogs
  6 snapping turtles
  9 redbacks (Spider:1)
  5 tarantellas (Spider:1)
  3 wraiths
  7 water elementals
  5 wyverns
  2 fire elementals (D:13)
  3 basilisks
  2 hogs (Lair:5)
  30 yaks
  A steam dragon (D:12)
  Grum (D:10)
  2 vampire mosquitoes (D:15)
  7 hungry ghosts
  Edmund (D:5)
  An acid dragon (D:12)
  3 wargs (Orc:2)
  12 water moccasins
  7 porcupines
  Duvessa (D:6)
  A floating eye (shapeshifter) (D:10)
  32 orc warriors
  2 sky beasts
  An ice beast (D:12)
  2 black bears
  A black bear (shapeshifter) (D:14)
  2 phantoms
  2 necrophages
  6 ogres
  3 eyes of draining
  An eye of draining (shapeshifter) (D:13)
  2 wolves (D:10)
  13 centaurs
  Blork the orc (D:4)
  22 bullfrogs
  3 big kobolds
  18 crocodiles
  2 gnoll sergeants
  Dowan (D:6)
  A wyvern skeleton (D:13)
  6 scorpions
  A water moccasin skeleton (D:9)
  16 killer bees
  5 wights
  6 centaur zombies
  5 bullfrog zombies
  6 crimson imps
  5 jellies
  A quasit (D:9)
  4 hounds
  18 orc priests
  3 bullfrog skeletons
  4 human zombies (D:7)
  2 human skeletons (D:7)
  29 orc wizards
  3 iguanas
  9 worker ants
  A hound zombie (D:8)
  3 mummies (D:7)
  8 adders
  14 gnolls
  3 shadow imps
  2 white imps (Lair:6)
  5 oozes (D:8)
  An adder skeleton (D:5)
  2 adder zombies (D:5)
  A dart slug (D:1)
  4 worms
  4 leopard geckos
  92 orcs
  4 bats
  8 giant cockroaches
  6 goblins
  4 hobgoblins
  4 jackals
  7 quokkas
  3 frilled lizards
  19 kobolds
  A leopard gecko skeleton (D:7)
  A leopard gecko zombie (D:5)
  A quokka skeleton (D:6)
  5 rats
  2 fungi (Lair:2)
  6 plants
751 creatures vanquished.

Vanquished Creatures (collateral kills)
  Gastronok (Lair:2)
  Donald (Shoals:1)
  A frost giant (Shoals:4)
  Azrael (D:13)
  2 merfolk javelineers (Shoals:4)
  3 merfolk impalers
  2 slime creatures
  A vault guard (D:14)
  A hydra (Lair:4)
  A catoblepas (Lair:6)
  2 merfolk avatars (Shoals:4)
  2 centaur warriors
  2 merfolk aquamancers
  4 two-headed ogres
  4 death yaks
  3 skeletal warriors
  4 sea snakes
  5 harpies
  Pikel (D:5)
  A faun (Shoals:4)
  4 manticores
  5 ugly things
  An orc sorcerer (Orc:2)
  3 elephants (Lair:6)
  Maurice (D:9)
  3 merfolk sirens
  4 water nymphs
  3 spiny frogs
  A centaur skeleton (D:14)
  An efreet (D:14)
  11 merfolk
  3 wind drakes
  3 blink frogs
  3 dream sheep (Lair:5)
  2 snapping turtles
  A hippogriff (Lair:1)
  2 redbacks (Lair:4)
  5 water elementals
  A tarantella (Spider:1)
  20 yaks
  3 fire elementals (D:13)
  A steam dragon (D:10)
  A basilisk (D:12)
  2 hogs (Lair:5)
  A warg (Orc:2)
  A water moccasin (Lair:1)
  2 hell hounds (D:13)
  3 orc warriors
  An ogre (Orc:2)
  3 centaurs
  A wolf (D:10)
  2 crocodiles
  A killer bee (D:10)
  An orc priest (D:14)
  2 worker ants
  An iguana (D:4)
  2 orcs
  2 fungi (Lair:6)
  5 plants (Shoals:3)
154 creatures vanquished.

Vanquished Creatures (others)
  A merfolk aquamancer (Shoals:4)
  A satyr (Shoals:4)
  A slave (D:5)
  2 centaurs (D:15)
  A jelly (D:5)
  2 orc wizards
  A worker ant (D:5)
  An orc (D:5)
  27 fungi
  15 plants
  12 tentacles (Shoals:1)
64 creatures vanquished.

Grand Total: 969 creatures vanquished

Notes
Turn   | Place    | Note
-------+----------+-------------------------------------------
     0 | Abyss:1  | Lifeless the Demonspawn Abyssal Knight began the quest for the Orb.
     0 | Abyss:1  | Reached XP level 1. HP: 18/18 MP: 2/2
    10 | Abyss:1  | Found a shadowy altar of Dithmenos.
    33 | Abyss:1  | Noticed an ancient zyme
    33 | D:1      | Escaped the Abyss
    66 | D:1      | Reached skill level 1 in Dodging
   192 | D:1      | Reached skill level 2 in Axes
   320 | D:1      | Gained mutation: A weak demonic guardian rushes to your aid. [demonic ancestry]
   320 | D:1      | Reached XP level 2. HP: 22/24 MP: 3/3
  1078 | D:2      | Gained mutation: You have sharp fingernails. [demonic ancestry]
  1078 | D:2      | Reached XP level 3. HP: 25/29 MP: 4/4
  1187 | D:2      | Found a deep blue altar of Sif Muna.
  1330 | D:2      | Reached * piety under Lugonu
  2083 | D:3      | Found an ornate altar of the Wu Jian Council.
  2101 | D:3      | Found an opulent altar of Gozag.
  2165 | D:3      | Reached XP level 4. HP: 35/35 MP: 5/5
  3165 | D:4      | Found Giutuanu's Jewellery Shoppe.
  3290 | D:4      | Found a basalt altar of Yredelemnul.
  3369 | D:4      | Gained mutation: When seriously injured, your bleeding wounds create armour. (AC +12) [demonic ancestry]
  3369 | D:4      | Reached XP level 5. HP: 42/42 MP: 6/6
  3458 | D:4      | Found an iron altar of Okawaru.
  3459 | D:4      | Found a bloodstained altar of Trog.
  3517 | D:4      | Noticed Blork the orc
  3542 | D:4      | Killed Blork the orc
  3542 | D:4      | Reached skill level 3 in Axes
  3830 | D:4      | Gained mutation: You have very sharp fingernails. [demonic ancestry]
  3830 | D:4      | Reached XP level 6. HP: 45/48 MP: 7/7
  4010 | D:5      | Entered Level 5 of the Dungeon
  4013 | D:5      | Found a glowing silver altar of Zin.
  4282 | D:5      | Noticed a slave
  4283 | D:5      | Noticed Pikel
  4284 | D:5      | Noticed a slave
  4288 | D:5      | Noticed a slave
  4293 | D:5      | Noticed a slave
  4332 | D:5      | Killed Pikel
  4332 | D:5      | Reached skill level 4 in Axes
  4332 | D:5      | Reached XP level 7. HP: 18/55 MP: 7/9
  4587 | D:5      | Found a snail-covered altar of Cheibriados.
  4642 | D:5      | Found a bloodstained altar of Trog.
  4677 | D:5      | Noticed Edmund
  4704 | D:5      | Killed Edmund
  5108 | D:5      | Reached skill level 5 in Axes
  5141 | D:5      | Found a glowing golden altar of the Shining One.
  5422 | D:5      | Found a staircase to the Ecumenical Temple.
  5492 | D:5      | Reached ** piety under Lugonu
  5492 | D:5      | Reached skill level 5 in Fighting
  5643 | D:6      | Gained mutation: You have claws for hands. [demonic ancestry]
  5643 | D:6      | Reached XP level 8. HP: 61/62 MP: 11/11
  6287 | D:6      | Noticed Duvessa
  6287 | D:6      | Noticed Dowan
  6297 | D:6      | Killed Duvessa
  6312 | D:6      | Killed Dowan
  6690 | D:6      | Found a shimmering altar of Xom.
  7059 | D:7      | Reached skill level 5 in Invocations
  7320 | D:7      | Reached skill level 6 in Axes
  7371 | D:7      | Noticed Joseph
  7393 | D:7      | Killed Joseph
  7605 | D:7      | Reached XP level 9. HP: 48/69 MP: 13/13
  8099 | D:7      | Reached skill level 5 in Armour
  8264 | D:7      | Found an ancient bone altar of Kikubaaqudgha.
  8714 | D:8      | Noticed a two-headed ogre
  8758 | D:8      | Killed a two-headed ogre
  8758 | D:8      | Reached skill level 7 in Axes
  8758 | D:8      | Reached skill level 5 in Dodging
  9006 | D:8      | Found Mabo's Assorted Antiques.
  9182 | D:8      | Reached *** piety under Lugonu
  9657 | D:8      | Found Ocaon's Distillery.
 10009 | D:8      | Noticed a two-headed ogre
 10022 | D:8      | Killed a two-headed ogre
 10022 | D:8      | Reached skill level 8 in Axes
 10022 | D:8      | Reached XP level 10. HP: 50/79 MP: 15/15
 10657 | D:8      | Found Hereont's General Store.
 10858 | D:9      | Found a stormy altar of Qazlal.
 10859 | D:9      | Found a blossoming altar of Fedhas.
 10915 | D:9      | Noticed Erica
 10934 | D:9      | Killed Erica
 11233 | D:9      | Noticed Maurice
 11255 | D:9      | Killed Maurice
 11268 | D:9      | Found a staircase to the Lair.
 11315 | D:9      | Found a white marble altar of Elyvilon.
 12007 | D:9      | Found a roughly hewn altar of Beogh.
 12023 | D:9      | Reached **** piety under Lugonu
 12380 | D:9      | Found a staircase to the Orcish Mines.
 12440 | D:10     | Entered Level 10 of the Dungeon
 12546 | D:10     | Noticed Grum
 12720 | D:10     | Killed Grum
 12720 | D:10     | Reached skill level 9 in Axes
 13140 | D:10     | Noticed a brown ugly thing
 13399 | D:10     | Gained mutation: A demonic guardian rushes to your aid. [demonic ancestry]
 13399 | D:10     | Reached XP level 11. HP: 81/86 MP: 17/17
 13448 | D:10     | Noticed a two-headed ogre
 13457 | D:10     | Killed a two-headed ogre
 13559 | D:10     | Paralysed by a floating eye for 2 turns
 13810 | D:10     | Killed a brown ugly thing
 14634 | D:10     | Reached ***** piety under Lugonu
 15381 | D:11     | Noticed a centaur warrior
 15420 | D:11     | Killed a centaur warrior
 15811 | D:11     | Noticed a green ugly thing
 15819 | D:11     | Killed a green ugly thing
 15849 | D:11     | Reached skill level 10 in Axes
 16604 | D:12     | Got an ichor-stained scale mail
 16618 | D:12     | Identified the +2 scale mail of the Eight Boll Weevils {-Cast rElec rCorr} (You found it on level 12 of the Dungeon)
 16774 | D:12     | Noticed a two-headed ogre
 16782 | D:12     | Killed a two-headed ogre
 16782 | D:12     | Reached skill level 10 in Invocations
 17160 | D:12     | Noticed a skeletal warrior
 17160 | D:12     | Noticed a skeletal warrior
 17195 | D:12     | HP: 4/87 [skeletal warrior/halberd[a skeletal warrior] (23)]
 17210 | D:12     | Killed a skeletal warrior
 17225 | D:12     | Killed a skeletal warrior
 17557 | D:12     | Noticed a two-headed ogre
 17566 | D:12     | Killed a two-headed ogre
 17574 | D:12     | Reached XP level 12. HP: 93/94 MP: 19/19
 18552 | D:13     | Noticed a centaur warrior
 18565 | D:13     | Killed a centaur warrior
 18715 | D:13     | Noticed Azrael
 19019 | D:11     | Noticed a two-headed ogre
 19027 | D:11     | Killed a two-headed ogre
 19027 | D:11     | Reached skill level 11 in Axes
 19081 | Lair:1   | Entered Level 1 of the Lair of Beasts
 19569 | Lair:1   | You fall through a shaft!
 19733 | Lair:1   | Reached ****** piety under Lugonu
 20008 | Lair:1   | Learned a level 1 spell: Animate Skeleton
 20497 | Lair:2   | Noticed Gastronok
 20516 | Lair:2   | Killed Gastronok
 20516 | Lair:2   | Reached skill level 1 in Spellcasting
 21447 | D:4      | Bought the ring of Igroen {MR++ AC+4 Slay+3} for 832 gold pieces
 21681 | Lair:2   | Found a staircase to the Shoals.
 23238 | Lair:4   | Found a hole to the Spider Nest.
 23240 | Lair:4   | Reached skill level 12 in Axes
 23647 | Lair:4   | Noticed a six-headed hydra
 23660 | Lair:4   | Killed a three-headed hydra
 23660 | Lair:4   | Gained mutation: When hurt, damage is shared between your health and your magic reserves. [demonic ancestry]
 23660 | Lair:4   | Reached XP level 13. HP: 94/103 MP: 20/20
 24419 | Lair:5   | Learned a level 4 spell: Animate Dead
 24441 | Lair:5   | Noticed Kirke
 24449 | Lair:5   | Killed Kirke
 24785 | Lair:5   | Reached skill level 10 in Fighting
 25004 | Lair:5   | Reached skill level 1 in Necromancy
 26631 | Lair:5   | Got a transparent amber ring
 26784 | Lair:5   | Identified the ring "Ocofyly" {*Contam rC++ EV+2 Int+3 Stlth-} (You found it on level 5 of the Lair of Beasts)
 26849 | Lair:6   | Entered Level 6 of the Lair of Beasts
 27767 | Lair:6   | Reached skill level 13 in Axes
 28153 | Lair:6   | Found a viscous altar of Jiyva.
 28153 | Lair:6   | Found a staircase to the Slime Pits.
 28786 | Lair:6   | Gained mutation: When seriously injured, your bleeding wounds create thick armour. (AC +12) [demonic ancestry]
 28786 | Lair:6   | Reached XP level 14. HP: 59/111 MP: 13/21
 29067 | Lair:6   | Reached skill level 5 in Spellcasting
 29266 | Spider:1 | Entered Level 1 of the Spider Nest
 29625 | Shoals:1 | Entered Level 1 of the Shoals
 29671 | Shoals:1 | Noticed Donald
 29684 | Shoals:1 | Killed Donald
 29901 | Shoals:1 | Reached skill level 5 in Necromancy
 30426 | Shoals:1 | Noticed a kraken
 31535 | Shoals:2 | Noticed Polyphemus
 31844 | Shoals:1 | Reached skill level 10 in Armour
 32294 | Shoals:1 | Identified a scroll of acquirement
 32679 | Lair:2   | Upgraded the game from 0.20-a0-1000-g0e8f6bb to 0.20-a0-1006-ge6c5631
 32698 | Shoals:1 | Killed a kraken
 33444 | Shoals:2 | Killed Polyphemus
 33587 | Shoals:1 | Reached skill level 14 in Axes
 34223 | Shoals:2 | Reached skill level 10 in Dodging
 34699 | Shoals:3 | Gained mutation: When seriously injured, your bleeding wounds create very thick armour. (AC +12) [demonic ancestry]
 34699 | Shoals:3 | Reached XP level 15. HP: 112/119 MP: 22/24
 35467 | Shoals:4 | Entered Level 4 of the Shoals
 35467 | Shoals:4 | Found Guutueti's Jewellery Boutique.
 35817 | Shoals:4 | Noticed a frost giant
 35820 | Shoals:4 | HP: 6/120 [merfolk javelineer/javelin of penetration (22)]
 37177 | Shoals:4 | Killed a frost giant
 37500 | Shoals:4 | Got a sparkling wooden ring
 37902 | Shoals:4 | Identified the ring of Jaocrae {rElec rPois Str+4 Int-3 Stlth+} (You found it on level 4 of the Shoals)
 38648 | Shoals:4 | Got a barnacled rune of Zot
 39830 | D:13     | Reached skill level 15 in Axes
 40035 | D:13     | Killed Azrael
 40482 | D:14     | Found a gate to the Vaults.
 41484 | D:14     | Reached XP level 16. HP: 129/129 MP: 27/27
 41872 | D:15     | Entered Level 15 of the Dungeon
 42609 | D:15     | Found a staircase to the Depths.
 43083 | D:15     | Found a shadowy altar of Dithmenos.
 43252 | Orc:1    | Entered Level 1 of the Orcish Mines
 43500 | Orc:1    | Gained mutation: You are frail. (-10% HP) [a neqoxec]
 43514 | Orc:1    | Gained mutation: You are very frail. (-20% HP) [a neqoxec]
 44245 | Orc:2    | Entered Level 2 of the Orcish Mines
 44522 | Orc:2    | Found a staircase to the Elven Halls.
 45236 | Orc:2    | Found Ahus's Weapon Emporium.
 45236 | Orc:2    | Found Ijadek's Antique Armour Shop.
 45243 | Orc:2    | Found Umoff's Food Emporium.
 45243 | Orc:2    | Found Riryst's Antique Weapon Shop.
 45377 | Orc:2    | Bought a pair of runed boots for 202 gold pieces
 45595 | Orc:2    | Bought a runed scarf for 216 gold pieces
 45962 | Elf:1    | Entered Level 1 of the Elven Halls
 46496 | Spider:1 | Blown up by an orb spider

Vault maps used:
D:1:      minmay_arrival_four_circles, kennysheep_doodads
D:2:      lemuel_coloured_pillars_altar, first_bread
D:3:      lemuel_crystal_altar, nicolae_gozag_cash_rules_everything_around_me
D:4:      grunt_temple_overflow_bloody_war, kennysheep_mini_moat, serial_shops,
          shop, uniq_blork_the_orc
D:5:      lemuel_crystal_altar, tso_altar, slow_altar_1,
          minmay_temple_entry_hall, trog_three_pillars_becter, uniq_edmund,
          uniq_pikel
D:6:      lemuel_round_altar, uniq_duvessa
D:7:      lemuel_mausoleum_altar_kikubaaqudgha, uniq_joseph
D:8:      serial_shops, nicolae_shop_behind_doors,
          nicolae_shop_overgrown_old_shop, shop, hangedman_little_slice_of_home
D:9:      grunt_temple_overflow_forces_of_nature, elyvilon_altar_3, david_orc_4,
          special_room, mrwooster_statue_mirror, uniq_erica, uniq_maurice
D:10:     minmay_fountain_box, uniq_grum
D:13:     hangedman_abyss_or_decor_lesser_grid, uniq_azrael
D:14:     lightli_vaults_fourway_checkpoint, dk_noncrumbling_3
D:15:     grunt_enter_depths_giant_problem,
          nicolae_dithmenos_through_a_glass_darkly
Lair:1:   grunt_forest_small_clearings, st_stairs_7, minmay_lair_oklob_chamber,
          grunt_megastairs_2
Lair:2:   minmay_shoals_entry_beasts, uniq_gastronok
Lair:4:   spider_nest_entry_funnel_web
Lair:5:   dpeg_oklob_gauntlet, uniq_kirke
Lair:6:   evilmike_catoblepas_cave, slime_altar_1, bobbens_ice_dragon_lair,
          grunt_megastairs_3
Shoals:1: nicolae_shoals_loop_pool, uniq_donald
Shoals:2: uniq_polyphemus
Shoals:4: shoals_end_grunt_ice, shoals_ilsuiw_ice, serial_shops,
          nicolae_shop_waterfront
Spider:1: nicolae_spider_shape
Orc:1:    nicolae_orc_accident_1
Orc:2:    grunt_orc_tribal_feast
Elf:1:    elf_arrival_001, serial_shops, nicolae_shop_trees,
          nicolae_shop_behind_doors, minmay_elf_annihilation
Abyss:1:  hangedman_decor_riveting

Skill      XL: |  1  2  3  4  5  6  7  8  9 10 11 12 13 14 15 16 |
---------------+-------------------------------------------------+-----
Dodging        | 1 2 3 4 5 6 7 8 9 10 | 10.2
Axes           | 2 3 4 5 6 8 9 10 12 13 14 15 | 15.9
Armour         | 2 3 4 5 6 7 9 10 | 10.0
Fighting       | 4 5 7 8 9 10 11 12 | 12.9
Invocations    | 3 4 5 7 8 10 | 10.0
Spellcasting   | 2 4 6 7 9 |  9.0
Necromancy     | 4 6 8 9 |  9.8

Action                   |  1- 3 |  4- 6 |  7- 9 | 10-12 | 13-15 | 16-18 || total
-------------------------+-------+-------+-------+-------+-------+-------++-------
Melee: Hand axe          |   139 |   134 |       |       |       |       ||   273
       Whip              |       |       |   295 |       |       |       ||   295
       Battleaxe         |       |       |   151 |   897 |   226 |       ||  1274
       Unarmed           |       |       |    21 |       |       |       ||    21
       Scimitar          |       |       |       |     3 |    10 |       ||    13
       Broad axe         |       |       |       |       |   962 |   406 ||  1368
 Cast: Animate Skeleton  |       |       |       |       |    78 |    21 ||    99
       Animate Dead      |       |       |       |       |    18 |     7 ||    25
Invok: Depart the Abyss  |     1 |       |       |       |       |       ||     1
       Bend Space        |       |       |       |     1 |       |       ||     1
Evoke: Wand              |       |       |     6 |     4 |    11 |     1 ||    22
       Sack of spiders   |       |       |       |     1 |       |       ||     1
  Use: Scroll            |     2 |     9 |     7 |    11 |    12 |     1 ||    42
       Potion            |       |     1 |       |     4 |     5 |     1 ||    11
 Stab: Distracted        |       |       |     3 |       |     9 |     3 ||    15
       Sleeping          |       |       |       |       |     2 |     2 ||     4
  Eat: Chunk             |     4 |     5 |    13 |    43 |    46 |    14 ||   125
       Royal jelly       |       |       |     3 |     4 |       |     1 ||     8
       Fruit             |       |       |     2 |     2 |    18 |     2 ||    24
       Bread ration      |       |       |       |     2 |       |       ||     2
Armor: Leather armour    |    30 |       |       |       |       |       ||    30
       Ring mail         |    20 |    48 |   133 |   362 |   299 |    56 ||   918
       Plate armour      |       |       |       |       |       |    14 ||    14
Dodge: Dodged            |    84 |    74 |   224 |   702 |   673 |   165 ||  1922
Block: Other             |       |       |       |       |   240 |    45 ||   285
       Large shield      |       |       |       |       |     3 |       ||     3
       Reflection        |       |       |       |       |    25 |     9 ||    34
       Rpst.: Scimitar   |       |       |       |       |     2 |       ||     2
